 Dungeon Crawl Stone Soup version 0.28.0-45-g0d030f2227 (webtiles) character file.

Game seed: 7244917373304393526

2942 NinjaNoafa the Fighter (level 9, -36/83 HPs)
             Began as a Minotaur Fighter on Apr 12, 2022.
             Was a Priest of Zin.
             Annihilated by a boulder beetle (38 damage)
             ... on level 7 of the Dungeon.
             The game lasted 00:12:03 (6272 turns).

NinjaNoafa the Fighter (Minotaur Fighter)           Turns: 6272, Time: 00:12:04

Health: -36/83     AC: 17    Str: 26    XL:     9   Next: 51%
Magic:  10/10      EV:  8    Int:  6    God:    Zin [***...]
Gold:   215        SH:  5    Dex: 11    Spells: 8/8 levels left

rFire   + . .      SeeInvis .   z - +2 flail (venom)
rCold   . . .      Faith    .   c - +0 buckler
rNeg    . . .      Spirit   .   t - +0 plate armour
rPois   .          Reflect  .   (helmet restricted)
rElec   .          Harm     .   (no cloak)
rCorr   .          Rampage  .   (no gloves)
Will    .....                   w - +2 pair of boots
Stlth   ..........              (no amulet)
HPRegen 0.23/turn               f - ring of protection from fire
MPRegen 0.12/turn               p - ring of the Octopus King {Wiz AC+1 EV+1 Str+1 Int+1 Dex+1}

@: no status effects
A: horns 2, retaliatory headbutt
a: Renounce Religion, Recite, Vitalisation, Imprison, Donate Gold


You were on level 7 of the Dungeon.
You worshipped Zin.
Zin was most pleased with you.
You visited 2 branches of the dungeon, and saw 8 of its levels.

You collected 338 gold pieces.
You donated 123 gold pieces to Zin.

Inventory:

Hand Weapons
 a - a +0 trident
 m - a +0 dagger of venom
 z - a +2 flail of venom (weapon)
Missiles
 j - 146 stones
 k - 5 boomerangs
 B - 3 poisoned darts (quivered)
Armour
 b - a +0 scale mail
 c - a +0 buckler (worn)
 t - a +0 plate armour (worn)
 w - a +2 pair of boots (worn)
Magical Staves
 h - a staff of earth
 C - a staff of conjuration
Jewellery
 f - a ring of protection from fire (left hand)
 p - a ring of the Octopus King (right hand) {Wiz AC+1 EV+1 Str+1 Int+1 Dex+1}
   (You found it on level 2 of the Dungeon)

   [ring of wizardry]

   It improves your spell success rate.
   AC:        It affects your AC (+1).
   EV:        It affects your evasion (+1).
   Str:       It affects your strength (+1).
   Int:       It affects your intelligence (+1).
   Dex:       It affects your dexterity (+1).
Wands
 g - a wand of iceblast (9)
 s - a wand of paralysis (25)
Scrolls
 i - a scroll of torment
 q - a scroll of immolation
 r - a scroll of noise
 y - a scroll of vulnerability


   Skills:
 + Level 9.2 Fighting
 + Level 7.1 Maces & Flails
 - Level 2.9 Polearms
 + Level 8.0 Armour
 + Level 8.0 Shields
 + Level 3.9 Invocations


You had 8 spell levels left.
You didn't know any spells.
Your spell library contained the following spells:

 Spells                   Type           Power      Damage    Failure   Level
 Sting                    Tmut/Pois      0%         1d3       92%         1
 Corpse Rot               Necr/Air       0%         N/A       98%         2
 Poisonous Vapours        Pois/Air       0%         N/A       98%         2
 Call Canine Familiar     Summ           0%         N/A       100%        3
 Portal Projectile        Hex/Tloc       0%         N/A       100%        3
 Airstrike                Air            0%         N/A       100%        4
 Dispel Undead            Necr           0%         3d6       100%        4
 Leda's Liquefaction      Hex/Erth       0%         N/A       100%        4
 Olgreb's Toxic Radiance  Pois           0%         N/A       100%        4
 Summon Ice Beast         Ice/Summ       0%         N/A       100%        4
 Summon Lightning Spire   Summ/Air       0%         N/A       100%        4
 Lightning Bolt           Conj/Air       0%         1d11      100%        5
 Summon Mana Viper        Hex/Summ       0%         N/A       100%        5
 Death Channel            Necr           0%         N/A       100%        6
 Monstrous Menagerie      Summ           0%         N/A       100%        7


Dungeon Overview and Level Annotations

Branches:
Dungeon (7/15)             Temple (1/1) D:6

Altars:
Kikubaaqudgha
Makhleb
Ru
Uskayaw
Xom
Zin

Shops:
D:2 [   D:7 (


Innate Abilities, Weirdness & Mutations

You have a pair of horns on your head.
You reflexively headbutt those who attack you in melee.


Message History

It glows with a cold blue light!
The centaur barely misses you. The centaur kicks you.
* * * LOW HITPOINT WARNING * * *
You block the ice beast's attack.
You sock the centaur!
The centaur is poisoned.
Your headbutt misses the centaur.
The centaur is heavily wounded.
The centaur hits you but does no damage.
You block the centaur's attack.
The ice beast hits you but does no damage.
The centaur hits you but does no damage.
The centaur kicks you but does no damage.
You barely miss the centaur. Your headbutt misses the centaur.
The centaur is heavily wounded.
The centaur hits you with the +10 spear of Victory {freeze, Will+ Stlth+}!
* * * LOW HITPOINT WARNING * * *
The centaur freezes you.
* * * LOW HITPOINT WARNING * * *
The centaur barely misses you.
The ice beast hits you but does no damage.
You block the centaur's attack.
The centaur kicks you but does no damage.
You bludgeon the centaur!!
You kill the centaur!
The ice beast completely misses you. You furiously retaliate!
You headbutt the ice beast! You block the ice beast's attack.
Your Maces & Flails skill increases to level 7!
The ice beast hits you but does no damage.
Items here: " ( )) †.
You thump the ice beast!
The ice beast looks as sick as possible!
Your headbutt misses the ice beast.
The ice beast is almost dead.
You kill the ice beast!
The boulder beetle curls into a ball and begins rolling!
Your Armour skill increases to level 8!
Your Shields skill increases to level 8!
There is an entrance to Wily Liesho's Firing Range here.
The boulder beetle hits you!!!
You die...

......,* *,#.#
*,,*##***,,,,∩,, ####.#**
*,#Y# *,,..,,,,,,,,,,, *,*
*,#.# ####.#*****,*,,,,,
*,*****,#.###....,* *,****,*
*,,,,,,,#°##..########*,* *,*
********#.°○°.#..(..8#*,****,*
#####○∩).((.8#*,,,,,,*
#B#(.(.(8#******** #@########
#.....# #######


You could see a boulder beetle (rolling).

Vanquished Creatures
  Grinder (D:6)
  A meliai zombie (D:6)
  Edmund (D:5)
  Duvessa (D:5)
  A water moccasin (D:7)
  3 ice beasts
  A sky beast (D:7)
  A necrophage (D:3)
  2 ogres (D:6)
  3 centaurs (D:7)
  2 phantoms
  A bullfrog (D:7)
  A wyvern zombie (D:5)
  A scorpion (D:4)
  2 water moccasin zombies
  Dowan (D:5)
  A killer bee (D:7)
  A howler monkey (D:4)
  2 centaur zombies (D:6)
  A bullfrog zombie (D:5)
  A hound (D:4)
  A jelly (D:7)
  2 centaur skeletons
  An iguana (D:6)
  Jessica (D:2)
  Natasha (thrice) (D:2)
  4 orc wizards
  A howler monkey zombie (D:7)
  5 adders
  2 white imps
  2 ufetubi
  An adder skeleton (D:4)
  A worm (D:3)
  2 dart slugs
  8 orcs
  8 endoplasms
  7 hobgoblins
  9 jackals
  6 ball pythons
  5 bats
  5 frilled lizards
  7 goblins
  7 kobolds
  5 rats
122 creatures vanquished.

Vanquished Creatures (collateral kills)
  A wyvern (D:7)
  A killer bee (D:7)
  A centaur zombie (D:7)
  A white imp (D:7)
4 creatures vanquished.

Grand Total: 126 creatures vanquished

Notes
Turn   | Place    | Note
-------+----------+-------------------------------------------
     0 | D:1      | NinjaNoafa the Minotaur Fighter began the quest for the
                  | Orb.
     0 | D:1      | Reached XP level 1. HP: 19/19 MP: 0/0
   390 | D:1      | Reached XP level 2. HP: 27/27 MP: 1/1
   608 | D:1      | Reached skill level 4 in Fighting
   611 | D:1      | Found a faded altar of an unknown god.
  1105 | D:2      | Found Qeyh's Antique Armour Shoppe.
  1149 | D:2      | Reached XP level 3. HP: 28/33 MP: 2/2
  1297 | D:2      | Found the ring of the Octopus King
  1305 | D:2      | Identified a ring of the Octopus King {Wiz AC+1 EV+1 Str+1
                  | Int+1 Dex+1}
  1454 | D:2      | Noticed Jessica
  1461 | D:2      | Killed Jessica
  1462 | D:2      | Reached XP level 4. HP: 35/41 MP: 3/3
  1554 | D:2      | Noticed Natasha
  1569 | D:2      | Killed Natasha
  1570 | D:2      | Reached skill level 5 in Fighting
  1650 | D:2      | Noticed Natasha
  1656 | D:2      | Killed Natasha
  1926 | D:2      | Noticed Natasha
  1932 | D:2      | Killed Natasha
  1933 | D:2      | Reached XP level 5. HP: 36/48 MP: 4/4
  2348 | D:3      | Found a glowing silver altar of Zin.
  2349 | D:3      | Noticed a necrophage
  2371 | D:3      | Killed a necrophage
  2372 | D:3      | Reached skill level 6 in Fighting
  2372 | D:3      | Reached skill level 5 in Armour
  2372 | D:3      | Reached skill level 5 in Shields
  2372 | D:3      | Reached XP level 6. HP: 48/57 MP: 5/5
  2378 | D:3      | Became a worshipper of Zin the Law-Giver
  2378 | D:3      | Reached * piety under Zin
  2565 | D:3      | Found an ancient bone altar of Kikubaaqudgha.
  3202 | D:4      | Found a shimmering altar of Xom.
  3586 | D:5      | Entered Level 5 of the Dungeon
  3591 | D:5      | Noticed an ice beast
  3596 | D:5      | Killed an ice beast
  3597 | D:5      | Reached skill level 7 in Fighting
  3597 | D:5      | Reached XP level 7. HP: 66/66 MP: 6/6
  3687 | D:5      | Noticed Edmund
  3702 | D:5      | Killed Edmund
  3717 | D:5      | Reached skill level 1 in Maces & Flails
  3848 | D:5      | Noticed Duvessa
  3850 | D:5      | Noticed Dowan
  3861 | D:5      | Killed Duvessa
  3867 | D:5      | Killed Dowan
  3868 | D:5      | Reached skill level 1 in Invocations
  4105 | D:5      | Found a large runed translucent door.
  4109 | D:5      | Found a large runed translucent door.
  4351 | D:5      | Reached XP level 8. HP: 74/74 MP: 7/7
  4522 | D:5      | Found a hide-covered altar of Uskayaw.
  4542 | D:5      | Found a burning altar of Makhleb.
  4592 | D:6      | Reached skill level 8 in Fighting
  4885 | D:6      | Reached ** piety under Zin
  4940 | D:6      | Noticed Grinder
  4947 | D:6      | Paralysed by Grinder for 7 turns
  4966 | D:6      | Killed Grinder
  4979 | D:6      | Reached skill level 5 in Maces & Flails
  4998 | D:6      | Donated 90 gold pieces to Zin
  5193 | D:6      | Found a staircase to the Ecumenical Temple.
  5297 | Temple   | Entered the Ecumenical Temple
  5349 | D:6      | Found a sacrificial altar of Ru.
  5792 | D:6      | Reached *** piety under Zin
  5840 | D:7      | Reached XP level 9. HP: 24/82 MP: 10/10
  6113 | D:7      | Reached skill level 9 in Fighting
  6118 | D:7      | HP: 3/83 [phantom (4)]
  6135 | D:7      | Identified the +6 broad axe of Gele {drain, rC++}
  6216 | D:7      | Identified the +10 spear of Victory {freeze, Will+ Stlth+}
  6216 | D:7      | Identified the amulet "Wocwul" {Acrobat Str+4}
  6220 | D:7      | Noticed a boulder beetle
  6253 | D:7      | Found Wily Liesho's Firing Range.
  6266 | D:7      | HP: 2/83 [centaur/the +10 spear of Victory {freeze, Will+
                  | Stlth+} (7)]
  6272 | D:7      | Annihilated by a boulder beetle

Illustrated notes

Levels and vault maps discovered:
D:1:      lightli_arrival_statue_moat, layout_loops_corners,
          ebering_ecumenical_altar_box
D:2:      layout_basic, serial_shops, nicolae_shop_waterfront, uniq_jessica,
          uniq_natasha
D:3:      layout_basic, zin_statuary, kiku_gazebo_pond_becter
D:4:      layout_rooms, xom_teletrap_fun, st_stairs_2
D:5:      layout_loops_ring, jmf_multi_god_temple2, uniq_duvessa, uniq_edmund
D:6:      layout_basic, lemuel_coloured_pillars_altar,
          minmay_temple_entry_offerings, hangedman_abyss_or_decor_lesser_grid,
          uniq_grinder
D:7:      minmay_the_grid_octo_2x2 [minmay_the_grid_octo_clover,
          minmay_the_grid_octo_tetromino_candy, minmay_the_grid_octo_empty,
          minmay_the_grid_octo_prize_single_spiral], layout_loops_ring,
          enter_bailey_2, serial_shops, nicolae_shop_bloodbath_and_beyond,
          shop_coins, shop, nicolae_shop_firing_range
Temple:   regret_index_temple_generic_petals

Skill      XL: |  1  2  3  4  5  6  7  8  9 |
---------------+----------------------------+-----
Fighting       | 4 5 6 7 8 9 |  9.2
Shields        | 4 5 6 7 8 |  8.0
Armour         | 4 5 6 7 8 |  8.0
Maces & Flails | 2 5 7 |  7.1
Invocations    | 1 3 |  3.9
Polearms       | |  2.9

Action                   |  1- 3 |  4- 6 |  7- 9 || total
-------------------------+-------+-------+-------++-------
Melee: Trident           |    48 |       |       ||    48
       Headbutt          |     9 |    23 |    34 ||    66
       Dagger            |    36 |   144 |    18 ||   198
       Flail             |       |       |   127 ||   127
Throw: Dart              |       |       |     3 ||     3
Invok: Recite            |       |       |     1 ||     1
       Donate Gold       |       |       |     1 ||     1
       Vitalisation      |       |       |     1 ||     1
Evoke: Wand              |       |       |     1 ||     1
  Use: Potion            |       |     3 |     7 ||    10
       Scroll            |       |       |    18 ||    18
Armor: Scale mail        |    48 |    24 |       ||    72
       Plate armour      |       |    59 |   133 ||   192
Dodge: Dodged            |    40 |    58 |    74 ||   172
Block: Buckler           |    20 |    24 |    47 ||    91
